 Dungeon Crawl Stone Soup version 0.20.0-1-g1cb1d84 (webtiles) character file.

98 FakerFangirl the Cudgeler (level 4, -4/38 HPs)
             Began as a Draconian Fighter on May 26, 2017.
             Slain by a centaur (8 damage)
             ... on level 3 of the Dungeon.
             The game lasted 00:03:43 (2603 turns).

FakerFangirl the Cudgeler (Draconian Fighter)       Turns: 2603, Time: 00:03:44

Health: -4/38      AC:  5    Str: 16 (18) XL:     4   Next: 44%
Magic:  4/4        EV: 10    Int:  6 (9)  God:
Gold:   134        SH:  8    Dex:  9 (11) Spells: 3/3 levels left

rFire    . . .     SeeInvis .   Y - +0 flail
rCold    . . .     Gourm    .   b - +0 shield
rNeg     . . .     Faith    +   (armour unavailable)
rPois    .         Spirit   .   (helmet restricted)
rElec    .         Reflect  .   (no cloak)
rCorr    .         Harm     .   (no gloves)
MR       .....                  (no boots)
Stlth    +.........             h - amulet of faith
Regen    0.2/turn               (no ring)
MPRegen  0.1/turn               (no ring)

@: no status effects
A: unfitting armour, cold-blooded, AC +5
a: no special abilities


You were on level 3 of the Dungeon.
You were not hungry.

You visited 1 branch of the dungeon, and saw 3 of its levels.

You collected 134 gold pieces.


Innate Abilities, Weirdness & Mutations

Your plain brown scales are hard. (AC +5)
You cannot fit into any form of body armour.
You are cold-blooded and may be slowed by cold attacks.


   Skills:
 - Level 3.2 Fighting
 + Level 4.7 Maces & Flails
 - Level 2.6 Dodging
 - Level 3.0 Shields


You had 3 spell levels left.
You didn't know any spells.

Inventory:

Hand Weapons
 Y - a +0 flail (weapon)
Armour
 b - a +0 shield (worn)
Jewellery
 e - an uncursed ring of see invisible {unknown}
 h - an amulet of faith (around neck)
Potions
 a - a potion of curing {unknown}
 c - a potion of might
 g - a potion of flight {unknown}
 k - a potion of resistance
 l - a potion of heal wounds {unknown}
 n - a potion of ambrosia {unknown}
Comestibles
 d - 4 bread rations
 i - 2 royal jellies
 m - a meat ration

Dungeon Overview and Level Annotations

Branches:
Dungeon (3/15)

Altars:
Gozag
Qazlal
Yredelemnul
The Shining One


Message History

A goblin comes into view.
The goblin shouts!
You block the bat's attack.
The centaur shoots an arrow.
You block the arrow.
You hear a splash.
The centaur shoots an arrow.
The arrow hits you.
You hear a splash.
Found a scroll of magic mapping.
You see here 2 arrows.
2601 ||| Stepping ~*~*~tactically~*~*~ (water).
The bat hits you but does no damage. You block the bat's attack.
You barely miss the bat. The bat hits you but does no damage.
You block the bat's attack.
The centaur unwields an uncursed shortbow.
You block the centaur's attack.
You barely miss the centaur.
Your tail-slap misses the centaur.
You block the bat's attack. The bat closely misses you.
You block the bat's attack. The bat hits you but does no damage.
You block the centaur's attack. You block the bat's attack.
The centaur hits you!
You die...

~...?.....#
....~~.....#
..~~..~....#
~~....~....##
...}~~......#
..~~}b......#
.~...g~~....#
.~..~~c.(...#
..~~.gb@~((.#
......~~....#
.....~~...((#
#~~~~~~###(.#
##~~~~# #..# #####
##.## ##.## #..#
##.#.## #.##
.#######.###.###.#


You could see a centaur, 2 goblins and 2 bats.

Vanquished Creatures
  3 adders
  4 dart slugs
  A leopard gecko (D:2)
  9 bats
  2 giant cockroaches
  9 goblins
  6 hobgoblins
  7 jackals
  A ball python (D:3)
  4 frilled lizards
  10 kobolds
  4 rats
60 creatures vanquished.

Notes
Turn   | Place    | Note
-------+----------+-------------------------------------------
     0 | D:1      | FakerFangirl the Draconian Fighter began the quest for the Orb.
     0 | D:1      | Reached XP level 1. HP: 19/19 MP: 1/1
     0 | D:1      | 0 ||| counter = 84
   406 | D:1      | Reached XP level 2. HP: 26/26 MP: 2/2
   521 | D:1      | Reached skill level 3 in Maces & Flails
   907 | D:1      | Reached XP level 3. HP: 30/31 MP: 3/3
  1435 | D:1      | 1435 ||| READING scroll labeled GAACUI JICHYKH.
  1439 | D:1      | 1439 ||| READING scroll labeled JIKHLA YF OMOA.
  1440 | D:1      | 1440 ||| READING scroll labeled RUYCZU XYSS.
  1528 | D:2      | Found a stormy altar of Qazlal.
  1809 | D:2      | Reached skill level 4 in Maces & Flails
  2038 | D:2      | Reached XP level 4. HP: 38/38 MP: 4/4
  2130 | D:2      | 2130 ||| Stepping ~*~*~tactically~*~*~ (outnumbered).
  2131 | D:2      | 2131 ||| Stepping ~*~*~tactically~*~*~ (outnumbered).
  2132 | D:2      | 2132 ||| Stepping ~*~*~tactically~*~*~ (outnumbered).
  2138 | D:2      | 2138 ||| Stepping ~*~*~tactically~*~*~ (outnumbered).
  2139 | D:2      | 2139 ||| Stepping ~*~*~tactically~*~*~ (outnumbered).
  2140 | D:2      | 2140 ||| Stepping ~*~*~tactically~*~*~ (outnumbered).
  2145 | D:2      | 2145 ||| Stepping ~*~*~tactically~*~*~ (outnumbered).
  2147 | D:2      | 2147 ||| Stepping ~*~*~tactically~*~*~ (outnumbered).
  2149 | D:2      | 2149 ||| Stepping ~*~*~tactically~*~*~ (outnumbered).
  2279 | D:2      | Found a glowing golden altar of the Shining One.
  2317 | D:2      | Found an opulent altar of Gozag.
  2318 | D:2      | Found a basalt altar of Yredelemnul.
  2365 | D:2      | 2365 ||| READING scroll labeled MAOREV KEYGIO.
  2366 | D:2      | 2366 ||| READING 2 scrolls labeled MESAOROBLA.
  2367 | D:2      | 2367 ||| READING scroll labeled TAEMPE ADOCS.
  2368 | D:2      | 2368 ||| DRINKING 2 sedimented ruby potions.
  2369 | D:2      | 2369 ||| DRINKING 2 smoky puce potions.
  2370 | D:2      | 2370 ||| READING scroll of identify.
  2370 | D:2      | 2370 ||| IDENTIFYING tiny bone amulet
  2371 | D:2      | 2371 ||| UPGRADING to amulet of faith.
  2372 | D:2      | 2372 ||| DROPPING scroll of noise.
  2373 | D:2      | 2373 ||| DROPPING potion of degeneration.
  2594 | D:3      | Noticed a centaur
  2598 | D:3      | HP: 7/38 [centaur/arrow (7)]
  2601 | D:3      | 2601 ||| Stepping ~*~*~tactically~*~*~ (water).
  2603 | D:3      | Slain by a centaur

Vault maps used:
D:1:      saegor_arrival_simple_b
D:2:      kb_forest_paths, grunt_qazlal_sundering,
          nicolae_tso_swordbearing_angel, gammafunk_temple_overflow_statue,
          first_bread
D:3:      cheibrodos_helix_gallery

Skill      XL: |  1  2  3 |
---------------+----------+-----
Maces & Flails | 3 4 |  4.7
Fighting       | |  3.2
Dodging        | |  2.6
Shields        | |  3.0

Action                   |  1- 3 |  4- 6 || total
-------------------------+-------+-------++-------
Melee: Flail             |   152 |    59 ||   211
       Tailslap          |    12 |    11 ||    23
  Use: Scroll            |     3 |     4 ||     7
       Potion            |       |     2 ||     2
  Eat: Chunk             |     4 |     2 ||     6
Armor: Skin              |    57 |    26 ||    83
Dodge: Dodged            |    57 |    30 ||    87
Block: Shield            |    61 |    43 ||   104
